 Dungeon Crawl Stone Soup version 0.21.1-1-g345015fe64 (webtiles) character file.

190352 Jerry the Severer (level 17, -3/142 HPs)
             Began as a Demonspawn Fighter on Feb 13, 2018.
             Was an Initiate of Gozag.
             Slain by a shadow dragon (7 damage)
             ... on level 1 of the Depths.
             The game lasted 01:58:31 (44123 turns).

Jerry the Severer (Demonspawn Fighter)             Turns: 44123, Time: 01:58:32

Health: -3/142     AC: 37    Str: 24    XL:     17   Next: 97%
Magic:  0/8        EV: 11    Int: 13    God:    Gozag
Gold:   3597       SH:  0    Dex: 16    Spells: 16/16 levels left

rFire    + . .     SeeInvis +   X - +9 executioner's axe (flame)
rCold    + . .     Gourm    .   (shield currently unavailable)
rNeg     . . .     Faith    .   W - +7 plate armour {rF+}
rPois    +         Spirit   +   s - +1 helmet
rElec    .         Reflect  .   J - scarf {repulsion}
rCorr    .         Harm     .   n - +0 pair of fencer's gloves {+Riposte Dex+3}
MR       ++++.                  (boots unavailable)
Stlth    ..........             h - amulet "Ciragus" {RegenMP MR++ MP-9 Str+4 Slay+3}
HPRegen  0.33/turn              t - ring of see invisible
MPRegen  0.47/turn              o - ring "Ytaem" {+Blink rPois MR+}

@: flayed, sanguine armour, very heavily drained, repel missiles
A: hooves 3, cold resistance 1, augmentation 1, magic shield, magic
regeneration, freezing cloud immunity, sanguine armour 3
a: Potion Petition, Call Merchant, Bribe Branch, Renounce Religion, Evoke Blink


You were on level 1 of the Depths.
You worshipped Gozag.
Gozag was most pleased with you.
You were very hungry.

You visited 7 branches of the dungeon, and saw 30 of its levels.
You also visited: Labyrinth and Volcano.

You collected 11339 gold pieces.
You spent 3462 gold pieces at shops.
You paid 4280 gold pieces to Gozag.

Inventory:

Hand Weapons
 C - a +2 broad axe of venom
 X - a +9 executioner's axe of flaming (weapon)
Armour
 k - the -1 pair of gloves of Soguf {rCorr Dex+4 Stlth-}
   (You found it in a labyrinth)

   It affects your dexterity (+4).
   It protects you from acid and corrosion.
   It makes you less stealthy.
 n - the +0 pair of fencer's gloves (worn) {+Riposte Dex+3}
   (You bought it in a shop on level 15 of the Dungeon)

   It affects your dexterity (+3).
 s - a +1 helmet (worn)
 J - a scarf of repulsion (worn)
 W - a +7 plate armour of fire resistance (worn)
Jewellery
 h - the amulet "Ciragus" (around neck) {RegenMP MR++ MP-9 Str+4 Slay+3}
   (You bought it in a shop on level 15 of the Dungeon)

   [amulet of magic regeneration]

   It increases your magic regeneration.
   It affects your strength (+4).
   It affects your accuracy and damage with ranged weapons and melee attacks
   (+3).
   It affects your resistance to hostile enchantments.
   It affects your magic capacity (-9).
 i - an uncursed amulet of faith {unknown}
 o - the ring "Ytaem" (right hand) {+Blink rPois MR+}
   (You bought it in a shop on level 15 of the Dungeon)

   [ring of protection from magic]

   It protects you from poison.
   It affects your resistance to hostile enchantments.
   It lets you blink.
 t - a ring of see invisible (left hand)
 v - an uncursed ring of positive energy
 V - an uncursed ring of protection from fire
Wands
 c - a wand of iceblast (15)
 d - a wand of disintegration (14)
 y - a wand of clouds (1)
 A - a wand of flame (30)
 E - a wand of digging (27)
 L - a wand of acid (7)
 T - a wand of paralysis (37)
 Y - a wand of scattershot (5)
Scrolls
 g - 13 scrolls of teleportation
 m - 3 scrolls of enchant weapon
 p - a scroll of silence
 q - 3 scrolls of fear
 u - 8 scrolls of identify
 B - 15 scrolls of remove curse
 G - 4 scrolls of enchant armour
 K - a scroll of blinking
 O - 8 scrolls of amnesia
 Q - 4 scrolls of fog
 U - 2 scrolls of immolation
 Z - 3 scrolls of magic mapping
Potions
 a - 2 potions of resistance
 e - 6 potions of brilliance
 j - 12 potions of curing
 l - 2 potions of lignification
 r - 4 potions of haste
 w - 4 potions of ambrosia
 x - 2 potions of berserk rage
 z - 2 potions of might
 D - 5 potions of cancellation
 F - 4 potions of flight
 H - 9 potions of heal wounds
 I - 6 potions of mutation
Miscellaneous
 b - a lamp of fire
Comestibles
 f - 17 rations


   Skills:
 + Level 15.4(11.5) Fighting
 * Level 19.0(14.8) Axes
 + Level 14.2(10.4) Armour
 + Level 9.9(6.5) Dodging
   Level 6.4(3.3) Shields


You had 16 spell levels left.
You didn't know any spells.

Dungeon Overview and Level Annotations

Branches:
Dungeon (15/15)            Temple (1/1) D:6            Lair (6/6) D:10
 Shoals (1/4) Lair:3        Snake (3/4) Lair:4        Slime (0/5) Lair:5
    Orc (2/2) D:11            Elf (0/3) Orc:2        Vaults (0/5) D:14
 Depths (2/5) D:15

Altars:
Ashenzari
Cheibriados
Dithmenos
Elyvilon
Fedhas
Gozag
Hepliaklqana
Kikubaaqudgha
Makhleb
Nemelex Xobeh
Okawaru
Qazlal
Ru
Sif Muna
Trog
Uskayaw
Vehumet
Wu Jian
Xom
Yredelemnul
Zin
The Shining One
Beogh

Shops:
D:11 *   D:13 ?   D:15 *[=%   Orc:2 }[}}   Lair:4 (   Snake:1 :*

Portals:
Hell: Depths:1 Depths:2
Ziggurat: Depths:1
Trove: D:14 (give +4 shadow dragon scales)

Annotations:
D:8 Prince Ribbit
D:9 tensugalgo's ghost, journeyman NaAs
Snake:3 Mara


Innate Abilities, Weirdness & Mutations

You have hooves in place of feet.
Your flesh is cold resistant. (rC+)
Your magical and physical power is slightly enhanced at high health.
When hurt, damage is shared between your health and your magic reserves.
You regenerate magic rapidly.
You are immune to freezing clouds.
When seriously injured, your bleeding wounds create very thick armour. (AC +12)


Message History

The shadow dragon bites you but does no damage.
The shadow dragon claws you.
* * * LOW HITPOINT WARNING * * *
The shadow dragon claws you but does no damage.
The vampire knight is infused with unholy energy.
* * * LOW HITPOINT WARNING * * *
The vampire knight draws life force from you and is healed!
You slice the vampire knight!! You burn the vampire knight.
The vampire knight is almost destroyed.
You hit the shadow dragon but do no damage.
The shadow dragon closely misses you.
The shadow dragon claws you but does no damage.
The shadow dragon claws you.
* * * LOW HITPOINT WARNING * * *
The vampire knight is infused with unholy energy.
* * * LOW HITPOINT WARNING * * *
The vampire knight draws life force from you and is healed!
The shadow dragon bites you!
You die...
Your body crumbles into a pile of gold.

#####################
#...................#
#............(......#
#...................#
#...................#
#...........).D.....#
#...........V@......#
#.........###########
#.#######.# ####.#
#.# .....# #.# ####.#
#.# #.# #[# #.# #.#
#.# #.#


You could see a shadow dragon and a vampire knight (invisible).

Vanquished Creatures
  2 liches (Depths:1)
  Jorgrun (Snake:3)
  A frost giant (Depths:2)
  3 nagarajas
  A fire giant (Depths:1)
  2 orc warlords (Orc:1)
  Aizul (Snake:3)
  The ghost of zxcv the Executioner, a journeyman MiBe of Trog (Snake:1)
  11 very ugly things
  4 stone giants (Depths:1)
  Azrael (D:14)
  4 spark wasps (Depths:1)
  The ghost of tensugalgo the Slicer, a journeyman NaAs of Cheibriados (Orc:2)
  The ghost of Tilo the Fighter, a journeyman GrFi of Okawaru (D:12)
  4 ettins (Depths:1)
  3 fire dragons (Depths:1)
  A minotaur (Lab)
  A merfolk impaler (Shoals:1)
  A yaktaur captain (D:15)
  2 ogre magi
  A great orb of eyes (Depths:1)
  7 naga warriors
  6 hydras
  An ice dragon (Depths:1)
  2 rakshasas
  5 vault guards (D:14)
  A catoblepas (Lair:6)
  8 anacondas
  7 two-headed ogres
  A two-headed ogre (shapeshifter) (D:15)
  4 centaur warriors
  5 death yaks (Lair:5)
  A tengu warrior (D:15)
  A vampire mage (Depths:1)
  2 shock serpents
  An orc high priest (Orc:1)
  3 naga sharpshooters (Snake:1)
  6 hell knights
  4 sea snakes
  A storm dragon skeleton (Depths:1)
  2 salamander mystics (Snake:3)
  A sea snake (shapeshifter) (Depths:2)
  5 wizards
  8 naga ritualists
  Pikel (D:8)
  A lindwurm (shapeshifter) (D:15)
  3 orc knights
  2 necromancers
  31 ugly things
  5 harpies (Shoals:1)
  5 mana vipers
  9 orc sorcerers
  3 manticores
  5 deep elf magi
  6 salamanders
  4 cyclopes
  Maurice (D:8)
  A centaur zombie (D:14)
  2 fauns (Shoals:1)
  9 naga magi
  13 elephants
  Joseph (D:10)
  27 black mambas
  2 guardian serpents
  15 spiny frogs
  2 merfolk sirens (Shoals:1)
  2 gargoyles
  5 spectral swamp worms (Depths:2)
  9 yaktaurs
  3 komodo dragons
  A tengu conjurer (D:15)
  8 trolls
  Grinder (D:5)
  A polar bear (Lair:6)
  2 queen bees
  A wind drake (Shoals:1)
  12 slime creatures
  A hippogriff (shapeshifter) (D:15)
  4 dream sheep (Lair:6)
  A harpy skeleton (D:13)
  2 hornets
  A snapping turtle (Shoals:1)
  9 hippogriffs
  A frost giant simulacrum (Depths:1)
  5 blink frogs
  A fire dragon zombie (Depths:1)
  A spriggan skeleton (Depths:1)
  2 water elementals
  12 spriggans (Lair:6)
  A wyvern (Lair:6)
  2 shadows
  5 fire elementals
  37 yaks
  A wraith (D:15)
  A basilisk (Lair:3)
  A basilisk (shapeshifter) (D:13)
  A human (D:14)
  A vampire (D:14)
  5 hungry ghosts
  5 vampire mosquitoes
  17 nagas
  6 wargs (Orc:2)
  A spriggan simulacrum (Depths:1)
  An acid dragon (D:13)
  A soldier ant (D:10)
  6 porcupines
  21 orc warriors
  17 water moccasins
  6 hell hounds
  7 ice beasts
  7 black bears
  7 sky beasts
  2 slaves (D:8)
  A necrophage (D:8)
  16 ogres
  4 phantoms
  5 boggarts (Lair:6)
  23 wolves (Lair:6)
  8 centaurs
  A wolf (shapeshifter) (Depths:1)
  14 crocodiles
  2 big kobolds
  12 bullfrogs
  A wyvern skeleton (D:14)
  2 troll zombies (D:11)
  A scorpion (D:8)
  59 killer bees
  16 wights
  3 howler monkeys
  6 electric eels
  7 crimson imps
  2 jellies
  9 hounds
  44 orc wizards
  2 bullfrog skeletons (D:11)
  5 centaur skeletons
  22 orc priests
  3 bullfrog zombies
  8 iguanas
  An iron imp (Depths:1)
  12 worker ants
  2 yak simulacra (Lair:4)
  3 wolf simulacra (Lair:4)
  2 polar bear simulacra (Lair:4)
  4 ogre zombies (D:11)
  A hound zombie (D:6)
  A hound skeleton (D:4)
  3 worker ant zombies
  7 gnolls
  A howler monkey skeleton (D:5)
  20 adders
  2 shadow imps
  2 oozes
  4 worms
  4 dart slugs
  4 leopard geckos
  93 orcs
  9 bats
  5 giant cockroaches
  9 goblins
  11 hobgoblins
  20 jackals
  10 quokkas
  4 ball pythons
  11 frilled lizards
  2 goblin skeletons (D:11)
  3 goblin zombies (D:11)
  A hobgoblin skeleton (D:11)
  A hobgoblin zombie (D:11)
  12 kobolds
  A leopard gecko skeleton (D:7)
  2 orc skeletons (D:11)
  10 orc zombies (D:11)
  A quokka skeleton (D:9)
  7 rats
  4 river rat simulacra (Lair:4)
  5 fungi
  3 plants
1094 creatures vanquished.

Vanquished Creatures (others)
  A slave (D:8)
  A jelly (D:14)
  An orc wizard (D:8)
  An orc (D:8)
  A ball python (Snake:3)
  A rat (D:1)
  14 fungi
  9 plants
29 creatures vanquished.

Grand Total: 1123 creatures vanquished

Notes
Turn   | Place    | Note
-------+----------+-------------------------------------------
     0 | D:1      | Jerry the Demonspawn Fighter began the quest for the Orb.
     0 | D:1      | Reached XP level 1. HP: 18/18 MP: 1/1
    60 | D:1      | Reached skill level 2 in Axes
    88 | D:1      | Gained mutation: When hurt, damage is shared between your health and your magic reserves. [demonic ancestry]
    88 | D:1      | Reached XP level 2. HP: 20/24 MP: 2/2
   645 | D:1      | Gained mutation: You have large cloven feet. [demonic ancestry]
   645 | D:1      | Reached XP level 3. HP: 25/29 MP: 1/3
  1321 | D:2      | Found a sacrificial altar of Ru.
  1355 | D:2      | Gained mutation: Your flesh is cold resistant. (rC+) [demonic ancestry]
  1355 | D:2      | Reached XP level 4. HP: 28/35 MP: 4/4
  1424 | D:2      | Found a faded altar of an unknown god.
  1509 | D:2      | Reached skill level 3 in Axes
  1729 | D:3      | Found an ornate altar of the Wu Jian Council.
  1892 | D:3      | Reached XP level 5. HP: 41/41 MP: 5/5
  1939 | D:3      | Found a snail-covered altar of Cheibriados.
  1967 | D:3      | Found an ancient bone altar of Kikubaaqudgha.
  2688 | D:4      | Gained mutation: You regenerate magic rapidly. [demonic ancestry]
  2688 | D:4      | Reached XP level 6. HP: 47/48 MP: 4/6
  2735 | D:4      | Found a glowing golden altar of the Shining One.
  2747 | D:4      | Reached skill level 4 in Axes
  2877 | D:4      | Found a burning altar of Makhleb.
  3240 | D:5      | Entered Level 5 of the Dungeon
  3429 | D:5      | Gained mutation: When seriously injured, your bleeding wounds create armour. (AC +12) [demonic ancestry]
  3429 | D:5      | Reached XP level 7. HP: 52/55 MP: 7/7
  3621 | D:5      | Reached skill level 5 in Axes
  4076 | D:5      | Reached skill level 5 in Fighting
  4090 | D:5      | Gained mutation: You have hoof-like feet. [demonic ancestry]
  4090 | D:5      | Reached XP level 8. HP: 52/62 MP: 8/8
  4206 | D:5      | Noticed Grinder
  4209 | D:5      | Paralysed by Grinder for 7 turns
  4228 | D:5      | Killed Grinder
  4463 | D:6      | Reached skill level 6 in Axes
  4729 | D:6      | Reached skill level 5 in Shields
  4730 | D:6      | Reached skill level 5 in Armour
  4891 | D:6      | Noticed a hand axe
  4893 | D:6      | Noticed a dagger
  4962 | D:6      | Found a hide-covered altar of Uskayaw.
  5039 | D:6      | Found a staircase to the Ecumenical Temple.
  5046 | Temple   | Entered the Ecumenical Temple
  5111 | Temple   | Became a worshipper of Gozag Ym Sagoz the Greedy
  5684 | D:7      | Reached skill level 7 in Axes
  5714 | D:7      | Gained mutation: When seriously injured, your bleeding wounds create thick armour. (AC +12) [demonic ancestry]
  5714 | D:7      | Reached XP level 9. HP: 65/69 MP: 7/9
  6460 | D:7      | Found a deep blue altar of Sif Muna.
  6868 | D:8      | Noticed Maurice
  7001 | D:8      | Noticed Pikel
  7025 | D:8      | Killed Pikel
  7025 | D:8      | Reached skill level 8 in Axes
  7074 | D:8      | Found a hazy altar of Hepliaklqana.
  7197 | D:8      | Found a white marble altar of Elyvilon.
  7390 | D:8      | Noticed Prince Ribbit
  7461 | D:8      | Found Vige's Weapon Emporium.
  7579 | D:8      | Killed Maurice
  7579 | D:8      | Gained mutation: You have hooves in place of feet. [demonic ancestry]
  7579 | D:8      | Reached XP level 10. HP: 79/79 MP: 10/10
  7708 | D:9      | Noticed tensugalgo's ghost (journeyman NaAs)
  8229 | D:9      | Reached skill level 9 in Axes
  8856 | D:9      | Found a glowing golden altar of the Shining One.
  9110 | D:10     | Entered Level 10 of the Dungeon
  9715 | D:10     | Noticed Joseph
  9735 | D:10     | Killed Joseph
  9735 | D:10     | Reached skill level 10 in Axes
  9896 | D:10     | Found a staircase to the Lair.
 10397 | D:10     | Reached XP level 11. HP: 52/87 MP: 8/11
 10655 | Lair:1   | Entered Level 1 of the Lair of Beasts
 11726 | D:10     | Reached skill level 11 in Axes
 13791 | Lair:2   | You fall through a shaft!
 13791 | Lair:3   | Noticed an eight-headed hydra
 13796 | Lair:3   | Killed an eight-headed hydra
 13833 | Lair:3   | Found a labyrinth entrance.
 13842 | Lab      | Entered a labyrinth
 14268 | Lab      | Noticed a minotaur
 14275 | Lab      | Killed a minotaur
 14310 | Lab      | Got a pair of smoking gloves
 14322 | Lab      | Identified the cursed -1 pair of gloves of Soguf {rCorr Dex+4 Stlth-} (You found it in a labyrinth)
 14365 | Lair:3   | Reached skill level 12 in Axes
 14692 | Lair:3   | Gained mutation: Your magical and physical power is slightly enhanced at high health. [demonic ancestry]
 14692 | Lair:3   | Reached XP level 12. HP: 85/97 MP: 10/12
 14951 | Lair:3   | Found a staircase to the Shoals.
 15039 | Lair:3   | Reached skill level 10 in Fighting
 15441 | Lair:4   | Found a staircase to the Snake Pit.
 16379 | Lair:5   | Noticed a seven-headed hydra
 16391 | Lair:5   | Killed a seven-headed hydra
 17327 | Lair:5   | Reached skill level 13 in Axes
 17763 | Lair:5   | Noticed a six-headed hydra
 17774 | Lair:5   | Killed a six-headed hydra
 18000 | Lair:5   | Reached skill level 10 in Armour
 18785 | Lair:5   | Found a staircase to the Slime Pits.
 18819 | Lair:6   | Entered Level 6 of the Lair of Beasts
 18819 | Lair:6   | Noticed a death yak
 18819 | Lair:6   | Noticed a death yak
 18819 | Lair:6   | Noticed a death yak
 18819 | Lair:6   | Noticed a death yak
 18819 | Lair:6   | Noticed a death yak
 18830 | Lair:5   | Killed a death yak
 18997 | Lair:5   | Killed a death yak
 18997 | Lair:5   | Reached XP level 13. HP: 67/106 MP: 9/13
 19433 | Lair:6   | Found a dark tunnel.
 19449 | Volcano  | Entered a volcano
 19507 | Volcano  | Noticed a stone giant
 19951 | Lair:6   | Reached skill level 14 in Axes
 22159 | D:11     | Reached skill level 1 in Dodging
 22187 | D:11     | Found a staircase to the Orcish Mines.
 22728 | D:11     | Found Bosearhu's General Store.
 22947 | D:11     | Found a shadowy altar of Dithmenos.
 23147 | D:11     | Gained mutation: When seriously injured, your bleeding wounds create very thick armour. (AC +12) [demonic ancestry]
 23147 | D:11     | Reached XP level 14. HP: 115/115 MP: 14/14
 23294 | D:12     | Reached skill level 15 in Axes
 23404 | D:12     | Noticed Tilo's ghost (journeyman GrFi)
 23415 | D:12     | Killed Tilo's ghost
 25043 | D:13     | Found Iluadaw's Magic Scroll Emporium.
 25500 | D:14     | Found Ockuot's Antique Weapon Boutique.
 25541 | D:14     | Found a portal to a secret trove of treasure.
 25710 | D:14     | Noticed Azrael
 25725 | D:14     | Killed Azrael
 26673 | D:14     | Found a gate to the Vaults.
 26933 | D:15     | Entered Level 15 of the Dungeon
 26954 | D:15     | Reached skill level 16 in Axes
 27066 | D:15     | Reached XP level 15. HP: 123/123 MP: 15/15
 27070 | D:15     | Reached skill level 5 in Dodging
 27608 | D:15     | Found a staircase to the Depths.
 27706 | D:15     | Found Wyojit's Food Shoppe.
 27709 | D:15     | Bought a ration for 50 gold pieces
 27709 | D:15     | Bought a ration for 50 gold pieces
 27709 | D:15     | Bought a ration for 50 gold pieces
 27709 | D:15     | Bought a ration for 50 gold pieces
 27709 | D:15     | Bought a ration for 50 gold pieces
 27709 | D:15     | Bought a ration for 50 gold pieces
 27709 | D:15     | Bought a ration for 50 gold pieces
 27709 | D:15     | Bought a ration for 50 gold pieces
 28196 | D:15     | Bought the +0 pair of fencer's gloves {+Riposte Dex+3} for 720 gold pieces
 28196 | D:15     | Found the +0 pair of fencer's gloves {+Riposte Dex+3}
 28212 | D:15     | Bought the amulet "Ciragus" {RegenMP MR++ MP-9 Str+4 Slay+3} for 807 gold pieces
 28305 | Orc:1    | Entered Level 1 of the Orcish Mines
 28336 | Orc:2    | Entered Level 2 of the Orcish Mines
 28395 | Orc:2    | Noticed tensugalgo's ghost (journeyman NaAs)
 28408 | Orc:2    | Killed tensugalgo's ghost
 28772 | Orc:2    | Found Rede's Gadget Emporium.
 28772 | Orc:2    | Found Tohyodd's Gadget Boutique.
 28860 | Orc:2    | Found a roughly hewn altar of Beogh.
 28869 | Orc:2    | Found Xab Mim's Armour Emporium.
 28889 | Orc:2    | Found Bushroj Oxod's Gadget Boutique.
 28916 | Orc:2    | Found a staircase to the Elven Halls.
 29543 | Orc:1    | Noticed an orc warlord
 29729 | Orc:1    | Killed an orc warlord
 29923 | Orc:1    | Noticed an orc warlord
 29935 | Orc:1    | Killed an orc warlord
 30800 | Orc:1    | Found a roughly hewn altar of Beogh.
 30916 | Orc:1    | Found a roughly hewn altar of Beogh.
 31139 | Depths:1 | Entered Level 1 of the Depths
 31139 | Depths:1 | Noticed a lich
 31320 | D:15     | Bought a scroll of fog for 32 gold pieces
 31320 | D:15     | Bought a potion of heal wounds for 80 gold pieces
 31320 | D:15     | Bought the ring "Ytaem" {+Blink rPois MR+} for 691 gold pieces
 31320 | D:15     | Bought a ration for 80 gold pieces
 31558 | Snake:1  | Entered Level 1 of the Snake Pit
 31583 | Snake:1  | Noticed zxcv's ghost (journeyman MiBe)
 31714 | Snake:1  | Killed zxcv's ghost
 32468 | Snake:1  | Reached skill level 17 in Axes
 32491 | Snake:1  | Reached XP level 16. HP: 69/132 MP: 7/16
 33278 | Snake:1  | Found Cohetiq's Book Emporium.
 33680 | Snake:1  | Bought a scroll of identify for 58 gold pieces
 33680 | Snake:1  | Bought a scroll of magic mapping for 101 gold pieces
 33680 | Snake:1  | Bought a scroll of identify for 58 gold pieces
 33680 | Snake:1  | Bought a runed scarf for 232 gold pieces
 33680 | Snake:1  | Bought a runed hat for 203 gold pieces
 34595 | Snake:2  | Found an ancient bone altar of Kikubaaqudgha.
 35607 | Snake:3  | Noticed Jorgrun
 35611 | Snake:3  | Noticed Aizul
 35611 | Snake:3  | Killed Jorgrun
 35623 | Snake:3  | Killed Aizul
 35834 | Snake:3  | Noticed Mara
 36206 | Snake:3  | Noticed Jerry's illusion
 36487 | Snake:3  | Noticed Jerry's illusion
 36861 | Snake:3  | Noticed Jerry's illusion
 37149 | Shoals:1 | Entered Level 1 of the Shoals
 37666 | Depths:1 | Reached skill level 18 in Axes
 37974 | Depths:1 | Killed a lich
 37974 | Depths:1 | Gained mutation: You are immune to freezing clouds. [demonic ancestry]
 37974 | Depths:1 | Reached XP level 17. HP: 86/140 MP: 8/17
 38346 | Depths:1 | Found a gateway to a ziggurat.
 38409 | Depths:1 | Found a snail-covered altar of Cheibriados.
 39437 | Depths:1 | Reached skill level 15 in Fighting
 40871 | Depths:1 | Found a gateway to Hell.
 41871 | Depths:2 | Noticed a lich
 41878 | Depths:2 | HP: 4/142 [lich/bolt of lightning (17)]
 42792 | Depths:1 | Killed a lich
 43349 | Depths:2 | Reached skill level 19 in Axes
 44123 | Depths:1 | HP: 4/142 [vampire knight/vampiric draining (12)]
 44123 | Depths:1 | Slain by a shadow dragon

Skill      XL: |  1  2  3  4  5  6  7  8  9 10 11 12 13 14 15 16 17 |
---------------+----------------------------------------------------+-----
Axes           | 2 3 4 5 7 8 10 12 13 14 16 17 18 19 | 19.0
Shields        | 3 4 5 6 |  6.4
Armour         | 3 4 5 6 7 9 10 11 12 13 14 | 14.2
Fighting       | 4 5 6 7 8 9 11 12 13 14 15 | 15.4
Dodging        | 1 4 6 8 9 |  9.9

Action                   |  1- 3 |  4- 6 |  7- 9 | 10-12 | 13-15 | 16-18 || total
-------------------------+-------+-------+-------+-------+-------+-------++-------
Melee: War axe           |   109 |   214 |   419 |   754 |   365 |       ||  1861
       Kick              |     6 |    38 |   105 |   260 |   346 |   217 ||   972
       Morningstar       |       |       |       |    16 |       |       ||    16
       Executioner's axe |       |       |       |       |   722 |   474 ||  1196
Invok: Call Merchant     |       |       |       |     1 |     3 |     1 ||     5
Evoke: Wand              |       |       |       |     8 |       |       ||     8
  Use: Scroll            |       |       |    11 |     7 |    23 |     3 ||    44
       Potion            |       |       |       |     4 |       |     2 ||     6
 Stab: Distracted        |       |       |     1 |     5 |     9 |     5 ||    20
       Confused          |       |       |       |     2 |       |       ||     2
       Petrified         |       |       |       |       |     3 |       ||     3
  Eat: Chunk             |     2 |     7 |     6 |       |     1 |       ||    16
       Ration            |       |       |     2 |    11 |    16 |    10 ||    39
Armor: Scale mail        |    57 |   113 |   182 |   362 |    21 |       ||   735
       Plate armour      |       |       |       |       |   671 |   330 ||  1001
Dodge: Dodged            |    49 |    47 |   114 |   257 |   310 |   266 ||  1043
       Deflected         |       |       |       |       |       |    60 ||    60
Block: Shield            |    60 |    98 |   201 |       |       |       ||   359
       Reflection        |       |       |     1 |     5 |     1 |       ||     7
       Buckler           |       |       |       |   380 |   158 |       ||   538
       Other             |       |       |       |       |    22 |       ||    22
       Rpst.: Executioner's axe |       |       |       |       |    20 |    54 ||    74
